 Dungeon Crawl Stone Soup version 0.30.0-29-ga12c61a403 (webtiles) character file.

Game seed: 10753358356498129439

165 Chilbo the Insei (level 5, 0/60 HPs)
             Began as a Draconian Transmuter on June 11, 2023.
             Splashed by a jelly's acid (5 damage)
             ... on level 3 of the Dungeon.
             The game lasted 00:12:19 (2230 turns).

Chilbo the Insei (Draconian Transmuter)             Turns: 2230, Time: 00:12:20

Health: 0/60       AC: 22    Str: 12    XL:     5   Next: 22%
Magic:  8/8        EV:  2    Int: 14    God:
Gold:   113        SH:  0    Dex: 13    Spells: 7/8 levels left

rFire   . .          .
                       - Unarmed
rCold   . . .        (no shield)
rNeg    . . .        (body armour unavailable)
rPois   +            (helmet currently unavailable)
rElec   .            (cloak currently unavailable)
rCorr   .            (gloves currently unavailable)
SInv    .            v - melded +0 pair of boots
Will    .....        (no amulet)
Stlth   +            (no ring)
HPRegen 0.30/turn    (no ring)
MPRegen 0.11/turn

%: no passive effects
@: tree-form
A: stationary, stasis, torment immunity, boosted hp, AC +5, unfitting armour,
(cold-blooded)
a: no special abilities


You were on level 3 of the Dungeon.
You were a tree.
You visited 1 branch of the dungeon, and saw 4 of its levels.

You collected 113 gold pieces.

Inventory:

Hand Weapons
 e - a +2 dagger of venom
Missiles
 o - a throwing net
 s - 5 poisoned darts (quivered)
Armour
 v - a +0 pair of boots (melded)
Jewellery
 k - an amulet of faith
Wands
 w - a wand of roots (11)
Scrolls
 b - 2 scrolls of blinking {unknown}
 f - a scroll of enchant weapon {unknown}
 g - 4 scrolls of identify {unknown}
 h - 2 scrolls of fog {unknown}
 i - a scroll of magic mapping {unknown}
 j - a scroll of vulnerability {unknown}
 l - 2 scrolls of teleportation {unknown}
 p - a scroll of torment {unknown}
 r - a scroll of amnesia {unknown}
 u - a scroll of noise {unknown}
Potions
 a - a potion of lignification
 c - a potion of ambrosia {unknown}
 d - a potion of degeneration {unknown}
 m - a potion of brilliance {unknown}
 n - a potion of flight {unknown}
 q - 2 potions of heal wounds {unknown}
 t - a potion of curing {unknown}
 x - a potion of mutation {unknown}


   Skills:
 - Level 1.1 Fighting
 - Level 1.7 Dodging
 - Level 0.1 Stealth
 - Level 5.2 Unarmed Combat
 - Level 2.0 Spellcasting
 * Level 3.4 Transmutations


You had 7 spell levels left.
You knew the following spells:

 Your Spells              Type           Power      Damage    Failure   Level
a - Beastly Appendage     Tmut           22%        N/A       6%          1

Your spell library contained the following spells:

 Spells                   Type           Power      Damage    Failure   Level
 Wereblood                Tmut           11%        N/A       9%          2
 Sublimation of Blood     Necr           1%         N/A       34%         2
 Spider Form              Tmut/Pois      6%         N/A       34%         3
 Tukima's Dance           Hex            1%         N/A       56%         3
 Ice Form                 Ice/Tmut       6%         N/A       75%         4
 Petrify                  Tmut/Erth      6%         N/A       75%         4
 Passage of Golubria      Tloc           1%         N/A       93%         4
 Irradiate                Conj/Tmut      3%         3d12      97%         5
 Yara's Violent Unravell  Hex/Tmut       3%         3d4       97%         5


Dungeon Overview and Level Annotations

Branches:
Dungeon (4/15)
 Temple: D:4-7

Altars:
Dithmenos
Fedhas
Nemelex Xobeh
Qazlal
Yredelemnul


Innate Abilities, Weirdness & Mutations

You are a tree.
Your roots penetrate the ground, keeping you stationary.
You cannot be teleported.
You are immune to unholy pain and torment.
Your maximum health is greatly increased.
Your equipment is partially melded.
((Your plain brown scales are hard. (AC +5)))
You cannot fit into any form of body armour.
((You are cold-blooded and may be slowed by cold attacks.))


Message History

You swing at nothing.
The orc wizard hits you but does no damage.
You attack the rock wall.
The orc wizard hits you but does no damage.
The orc wizard hits you with a +0 dagger of speed.
* * * LOW HITPOINT WARNING * * *
Unknown command.
You swing at nothing.
The orc wizard hits you but does no damage.
You closely miss the orc wizard.
The orc wizard is lightly wounded.
The orc wizard hits you with a +0 dagger of speed.
* * * LOW HITPOINT WARNING * * *
You attack the rock wall.
The orc wizard barely misses you.
You closely miss the orc wizard.
The orc wizard is lightly wounded.
You feel less confused. The orc wizard casts a spell at you.
You resist with some effort.
You smack the orc wizard!
The orc wizard is severely wounded.
The orc wizard hits you but does no damage. x2
You barely miss the orc wizard.
The orc wizard is severely wounded.
The orc wizard hits you but does no damage.
You hit the orc wizard but do no damage.
The orc wizard is severely wounded.
The orc wizard hits you but does no damage.
You smack the orc wizard!
You kill the orc wizard!
Your life force feels restored.
You smack the jelly!
Your branches burn!
* * * LOW HITPOINT WARNING * * *
The jelly is almost dead.
You hit the jelly but do no damage.
Your branches burn!
* * * LOW HITPOINT WARNING * * *
The jelly is almost dead.
The jelly hits you but does no damage.
You hit the jelly.
Your branches burn!
You die...

#..................#........#
#....#....>...........#####.. ##
#....#.....>.................
.####..................#######...
...##.#................#_.#._#...
.#.#..#................#.....#...
.....##..#.............##.##.....
#........#.....#.#.....#.....##..
##.....#.#.....#♣##....#_.#._##..
.##....#.#.)...#J##....########..
.......#.#..............# #.##..
#.##...#.#.......##.###.# #....#
#.##...#.#..(.....#.....# ####.#
..##...).#..)>.#..####..### #..
.#####.........#..## #....### #..
.# #.........#...###.#....###..
.#####...).......................


You could see a jelly.

Vanquished Creatures
  Terence (D:3)
  An orc wizard (D:3)
  2 adders
  2 gnolls (D:2)
  3 worms
  3 dart slugs (D:1)
  2 orcs
  5 ball pythons
  5 bats
  4 endoplasms
  5 giant cockroaches
  2 hobgoblins
  4 quokkas
  7 frilled lizards
  5 goblins
  8 kobolds
  5 rats
64 creatures vanquished.

Notes
Turn   | Place    | Note
-------+----------+-------------------------------------------
     0 | D:1      | Chilbo the Draconian Transmuter began the quest for the
                  | Orb.
     0 | D:1      | Reached XP level 1. HP: 16/16 MP: 3/3
   127 | D:1      | Reached XP level 2. HP: 23/23 MP: 5/5
   308 | D:1      | Reached skill level 4 in Unarmed Combat
   744 | D:2      | Reached XP level 3. HP: 28/28 MP: 6/6
  1177 | D:2      | Found a faded altar of an unknown god.
  1215 | D:2      | Reached XP level 4. HP: 35/35 MP: 7/7
  1494 | D:3      | Noticed Terence
  1578 | D:3      | Killed Terence
  1579 | D:3      | Reached skill level 5 in Unarmed Combat
  1924 | D:3      | Found a shadowy altar of Dithmenos.
  2006 | D:3      | Found a stormy altar of Qazlal.
  2025 | D:3      | Found a blossoming altar of Fedhas.
  2028 | D:3      | Found a sparkling altar of Nemelex Xobeh.
  2028 | D:3      | Found a basalt altar of Yredelemnul.
  2074 | D:3      | Reached XP level 5. HP: 34/39 MP: 8/8
  2172 | D:4      | Noticed an ogre
  2230 | D:3      | Splashed by a jelly's acid

Illustrated notes

Levels and vault maps discovered:
D:1:      psy_arrival_wood_between_worlds, layout_rooms, serial_forest,
          infiniplex_forest_lined_corner, infiniplex_forest_clump_medium,
          infiniplex_forest_side_room, infiniplex_forest_clump_large,
          infiniplex_forest_clump_small, infiniplex_forest_fountain,
          infiniplex_forest_clump_long, minmay_misc_feat_tiny
D:2:      layout_basic, chequers_ecumenical_altar_simple_redux
D:3:      layout_rooms, lemuel_tele_altar, mainiacjoe_overflow_alcove_3,
          chequers_serial_rivers_small_a, minivault_26, uniq_terence
D:4:      layout_basic, nicolae_tso_carved_into_rock, minmay_joined_circles

Skill      XL: |  1  2  3  4 |
---------------+-------------+-----
Unarmed Combat | 4 5 |  5.2
Transmutations | 3 |  3.4
Fighting       | |  1.1
Dodging        | |  1.7
Stealth        | |  0.1
Spellcasting   | |  2.0

Action                     |  1- 3 |  4- 6 || total
---------------------------+-------+-------++-------
  Melee: Unarmed           |   127 |    92 ||   219
         Tailslap          |    17 |     7 ||    24
         Kick              |     5 |    13 ||    18
         Headbutt          |     4 |     7 ||    11
         Punch             |     2 |     3 ||     5
  Throw: Dart              |       |     3 ||     3
   Cast: Beastly Appendage |     3 |     8 ||    11
    Use: Potion            |       |     1 ||     1
   Stab: Sleeping          |     2 |     1 ||     3
 Armour: Skin              |    34 |    34 ||    68
  Dodge: Dodged            |    75 |    39 ||   114
